 Dungeon Crawl Stone Soup version 0.31-a0-1074-g0b22e4e0f1 (webtiles) character file.

Game seed: 8677881124678888533

20045 Ekaitz the Stormcaller (level 12, -8/73 HPs)
             Began as a Tengu Air Elementalist on Nov 29, 2023.
             Was an Elder of Vehumet.
             Killed from afar by a deep elf pyromancer (36 damage)
             ... with a bolt of fire
             ... on level 13 of the Dungeon on Dec 2, 2023.
             The game lasted 00:41:10 (17681 turns).

Ekaitz the Stormcaller (Tengu Air Elementalist)    Turns: 17681, Time: 00:41:11

Health: -8/73      AC:  8    Str: 10    XL:     12   Next: 75%
Magic:  11/25      EV: 22    Int: 21    God:    Vehumet [****..]
Gold:   815        SH:  0    Dex: 20    Spells: 12/28 levels left

rFire   x x .        P - +4 short sword (venom)
rCold   + + .        (no shield)
rNeg    . . .        x - +2 robe "Tyun" {Int+2 Dex+5}
rPois   .            a - +2 hat
rElec   .            (no cloak)
rCorr   .            u - +1 pair of gloves {Stlth+}
SInv    .            (boots unavailable)
Will    .....        (no amulet)
Stlth   ++++         Y - ring of ice
HPRegen 0.32/turn    w - ring of ice
MPRegen 0.19/turn

%: acrobat
@: flying
A: beak, talons 3, evasive flight, acrobatic
a: Renounce Religion


You were on level 13 of the Dungeon.
You worshipped Vehumet.
Vehumet was greatly pleased with you.
You visited 2 branches of the dungeon, and saw 14 of its levels.
You also visited: Ice Cave.

You collected 1071 gold pieces.
You spent 256 gold pieces at shops.

Inventory:

Hand Weapons
 d - a +2 dagger of freezing
 o - a +4 whip of distortion
 J - a +2 shortbow of draining
 P - a +4 short sword of venom (weapon)
 W - a +4 flail of freezing
Missiles
 s - 2 throwing nets
 O - 35 poisoned darts
Armour
 a - a +2 hat (worn)
 p - a +2 robe of positive energy
 u - a +1 pair of gloves of stealth (worn)
 x - the +2 robe "Tyun" (worn) {Int+2 Dex+5}
   (You found it on level 4 of the Dungeon)

   Int+2:     It affects your intelligence (+2).
   Dex+5:     It affects your dexterity (+5).
 B - a +2 robe of resistance
 N - a +0 kite shield
Jewellery
 t - a +6 ring of intelligence
 w - a ring of ice (right hand)
 C - a ring of poison resistance
 G - a +4 ring of protection
 Y - a ring of ice (left hand)
Wands
 h - a wand of quicksilver (19)
 i - a wand of digging (3)
 D - a wand of polymorph (13)
 T - a wand of flame (32)
Scrolls
 e - 2 scrolls of summoning
 f - a scroll of silence
 g - 4 scrolls of teleportation
 k - 5 scrolls of poison {unknown}
 n - a scroll of revelation
 r - 2 scrolls of amnesia
 y - 6 scrolls of noise {unknown}
 F - 4 scrolls of blinking {unknown}
 H - 2 scrolls of enchant weapon
 I - 2 scrolls of fog
 L - 4 scrolls of vulnerability {unknown}
 Q - a scroll of fear
 S - a scroll of immolation
Potions
 b - 3 potions of magic
 c - 2 potions of berserk rage
 j - 5 potions of curing {unknown}
 l - 4 potions of brilliance {unknown}
 m - 2 potions of ambrosia
 q - 3 potions of haste
 v - 3 potions of enlightenment
 z - 4 potions of heal wounds {unknown}
 A - 3 potions of mutation {unknown}
 K - 3 potions of attraction {unknown}
 M - a potion of invisibility
Miscellaneous
 E - a lightning rod (4/4)
 X - a box of beasts


   Skills:
 * Level 7.7 Fighting
 + Level 2.5 Short Blades
 * Level 8.5 Dodging
 + Level 4.2 Stealth
 + Level 8.8 Spellcasting
 + Level 6.5 Conjurations
 * Level 3.4 Fire Magic
 * Level 15.0 Air Magic
 * Level 7.2 Evocations


You had 12 spell levels left.
You knew the following spells:

 Your Spells              Type           Power      Damage    Failure   Level
a - Shock                 Conj/Air       100%       1d9       1%          1
b - Static Discharge      Conj/Air       100%       3-8/arc   1%          2
c - Swiftness             Air            64%        N/A       1%          3
d - Airstrike             Air            32%        2d(5-21)  1%          4
e - Inner Flame           Hex/Fire       16%        N/A       3%          3
f - Ignite Poison         Fire/Tmut/Pois 14%        N/A       4%          3

Your spell library contained the following spells:

 Spells                   Type           Power      Damage    Failure   Level
 Hailstorm                Conj/Ice       51%        3d11      1%          3
 Ensorcelled Hibernation  Hex/Ice        40%        N/A       11%         2
 Passwall                 Tmut/Erth      7%         N/A       11%         2
 Summon Ice Beast         Ice/Summ       20%        N/A       58%         4
 Summon Mana Viper        Hex/Summ       9%         N/A       90%         5
 Simulacrum               Ice/Necr       10%        N/A       100%        6
 Monstrous Menagerie      Summ           4%         N/A       100%        7


Dungeon Overview and Level Annotations

Branches:
Dungeon (13/15)            Temple (1/1) D:5            Lair (0/5) D:8
    Orc (0/2) D:10          IceCv (visited)
 Vaults: D:13-14

Altars:
Ashenzari
Cheibriados
Dithmenos
Elyvilon
Fedhas
Gozag
Hepliaklqana
Kikubaaqudgha
Makhleb
Nemelex Xobeh
Okawaru
Qazlal
Ru
Sif Muna
Trog
Uskayaw
Vehumet
Wu Jian
Xom
Yredelemnul
Zin
The Shining One

Shops:
D:3 [   D:7 :   D:9 *

Annotations:
D:9 3 runed translucent doors, Jeffwins's ghost, novice DrSh
D:13 1 transporter


Innate Abilities, Weirdness & Mutations

You have a beak for a mouth.
You have claws for feet.
Your magical flight helps you evade attacks. (EV +4)
You can magically evade attacks while moving or waiting.


Message History

Casting: Airstrike (safe; 1% risk of failure)
Confirm with . or Enter, or press ? or * to list all spells.
The two-headed ogre is struck by an arc of lightning.
The two-headed ogre is heavily wounded.
The two-headed ogre is struck by an arc of lightning.
The two-headed ogre is severely wounded.
The two-headed ogre is struck by an arc of lightning.
The two-headed ogre is severely wounded.
The two-headed ogre is struck by an arc of lightning.
The two-headed ogre is almost dead.
The two-headed ogre is struck by an arc of lightning.
The two-headed ogre is severely wounded.
The lightning grounds out.
The two-headed ogre is struck by an arc of lightning.
The two-headed ogre is almost dead.
The two-headed ogre is struck by an arc of lightning!
The two-headed ogre is almost dead.
You are struck by an arc of lightning.
The two-headed ogre is struck by an arc of lightning.
The two-headed ogre is almost dead.
The two-headed ogre is struck by an arc of lightning!
You kill the two-headed ogre!
Vehumet accepts your kill.
The lightning grounds out.
The two-headed ogre hits you with a +0 giant club!
The two-headed ogre closely misses you.
Your Air Magic skill increases to level 15!
Unknown command.
Casting: Static Discharge (safe; 1% risk of failure)
Confirm with . or Enter, or press ? or * to list all spells.
Aiming: Airstrike (safe; 1% risk of failure)
Press: ? - help, Dir - move target, f - two-headed ogre
Aim: a two-headed ogre, wielding two +0 giant clubs (almost dead, empty space bonus: 7/8)
The air twists around and strikes the two-headed ogre!!
You kill the two-headed ogre!
Vehumet accepts your kill.
You feel your power returning.
The deep elf pyromancer gestures at you while chanting.
The bolt of fire hits you!!! The fire burns you terribly!
You die...

#,,,**+******#.###+#,,+,,,,*,*,,,
###,*,,,,,,,,#.....#,,+,,,,*,*,,,
..#,*,,,,,,###.....#+######*,*,,,
..#,*,,,,,,#...............,**,,,
###****,,,,#.........e.....,,,,,,
######*,,,,#.......(.......,****,
#....#*,>,,#.....).####+###*,,,*,
#....#*,,###.....).#,,,,,,,*,,,+,
..[).#*,,#......@..#,,,∩,,,*,,,*,
#....#*,,#.........#,,,,,,,*,,,*,
#....###+#.........#********,,,*,
#######.........####+**,,,,*****,
#######.........#,,,,,*,,,,,,,,,,
.#..............+,,,,,*,,,,,,,,,,
.#..............#,,,,,*,,,,,,,,,,
.####...........#,,,,,*,,,,,,,,,,
....#....##+###.#,,,,,*,,,,,,,,,,


You could see a deep elf pyromancer.

Vanquished Creatures
  2 boulder beetles (D:12)
  A centaur warrior (D:13)
  2 two-headed ogres (D:13)
  An occultist (D:11)
  Amaemon (D:9)
  2 bog bodies (IceCv)
  2 deep elf pyromancers
  An ugly thing (D:12)
  4 cyclopes
  An ice statue (IceCv)
  Joseph (D:9)
  An orange demon (D:9)
  A kobold demonologist (D:11)
  An anaconda simulacrum (IceCv)
  2 unseen horrors
  2 ice devils (D:13)
  3 meliai (D:13)
  4 trolls
  Prince Ribbit (D:5)
  A slime creature (D:12)
  Sigmund (D:3)
  A dire elephant simulacrum (IceCv)
  A spriggan (D:10)
  2 wraiths (D:11)
  13 yaks
  A death yak simulacrum (IceCv)
  A steam dragon (D:7)
  A vampire mosquito (D:12)
  Edmund (D:4)
  2 harpy simulacra (IceCv)
  2 wargs (D:10)
  A black bear (D:6)
  3 orc warriors
  2 sky beasts
  An ogre (D:6)
  2 phantoms
  11 centaurs
  4 kobold brigands
  2 bullfrogs
  3 scorpions
  5 two-headed ogre simulacra (IceCv)
  3 wights (D:9)
  8 killer bees
  2 elephant simulacra (IceCv)
  A howler monkey (D:6)
  7 orc priests
  4 hounds
  2 gnoll boudas
  4 sleepcaps
  Natasha (twice) (D:3)
  3 iguanas
  6 orc wizards
  8 troll simulacra (IceCv)
  A statue (D:6)
  3 polar bear simulacra (IceCv)
  5 spriggan simulacra (IceCv)
  5 wolf simulacra (IceCv)
  23 gnolls
  13 adders
  6 naga simulacra (IceCv)
  7 white imps (IceCv)
  2 ufetubi (IceCv)
  5 worms
  2 dart slugs
  57 orcs
  5 bats
  8 endoplasms
  A giant cockroach (D:4)
  8 goblins
  7 hobgoblins
  7 quokkas
  6 ball pythons
  A frilled lizard (D:2)
  16 kobolds
  5 rats
337 creatures vanquished.

Notes
Turn   | Place    | Note
-------+----------+-------------------------------------------
     0 | D:1      | Ekaitz the Tengu Air Elementalist began the quest for the
                  | Orb.
     0 | D:1      | Reached XP level 1. HP: 10/10 MP: 4/4
   154 | D:1      | Reached XP level 2. HP: 16/16 MP: 0/6
   157 | D:1      | Learned a level 2 spell: Static Discharge
   538 | D:1      | Reached skill level 1 in Fighting
   857 | D:1      | Reached XP level 3. HP: 20/20 MP: 5/7
   861 | D:1      | Learned a level 3 spell: Swiftness
  1421 | D:2      | Found an ancient bone altar of Kikubaaqudgha.
  1725 | D:2      | Reached skill level 1 in Evocations
  1725 | D:2      | Reached XP level 4. HP: 18/25 MP: 0/8
  2132 | D:3      | Noticed Sigmund
  2319 | D:3      | Reached skill level 5 in Air Magic
  2572 | D:3      | Noticed Natasha
  2577 | D:3      | Killed Natasha
  2578 | D:3      | Reached XP level 5. HP: 26/30 MP: 2/10
  2804 | D:3      | Found Vunaps's Armour Shoppe.
  3020 | D:3      | Noticed Natasha
  3025 | D:3      | Killed Natasha
  3292 | D:3      | Killed Sigmund
  3293 | D:3      | Reached XP level 6. HP: 20/36 MP: 6/11
  3311 | D:3      | Learned a level 4 spell: Airstrike
  3869 | D:4      | Found a hide-covered altar of Uskayaw.
  3912 | D:4      | Found a stormy altar of Qazlal.
  3975 | D:4      | Gained mutation: Your magical flight helps you evade
                  | attacks. (EV +4) [Tengu growth]
  3975 | D:4      | Reached XP level 7. HP: 33/40 MP: 6/12
  4393 | D:4      | Reached skill level 6 in Air Magic
  4755 | D:4      | Found a shimmering altar of Xom.
  4915 | D:4      | Noticed Edmund
  4960 | D:3      | Bought a +1 pair of gloves of stealth for 214 gold pieces
  5219 | D:4      | Killed Edmund
  5220 | D:4      | Reached skill level 1 in Short Blades
  5459 | D:4      | Identified the +2 robe "Tyun" {Int+2 Dex+5}
  5644 | D:5      | Entered Level 5 of the Dungeon
  5787 | D:5      | Reached XP level 8. HP: 44/46 MP: 8/14
  6197 | D:5      | Reached skill level 7 in Air Magic
  6597 | D:5      | Noticed Prince Ribbit
  6616 | D:5      | Killed Prince Ribbit
  6892 | D:5      | Found a staircase to the Ecumenical Temple.
  7023 | Temple   | Entered the Ecumenical Temple
  7160 | D:6      | Reached skill level 5 in Dodging
  7250 | D:6      | Reached skill level 8 in Air Magic
  7327 | D:6      | Reached XP level 9. HP: 52/52 MP: 10/16
  7524 | D:6      | Found a shimmering blue altar of Sif Muna.
  7636 | D:6      | Found a burning altar of Makhleb.
  8077 | D:6      | Found a radiant altar of Vehumet.
  8083 | D:6      | Became a worshipper of Vehumet
  8432 | D:7      | Found Omuu's Self-Improvement Boutique.
  8448 | D:7      | Reached skill level 9 in Air Magic
  8836 | D:7      | Found a shadowy altar of Dithmenos.
  9227 | D:8      | Reached skill level 5 in Spellcasting
  9349 | D:8      | Found a glowing silver altar of Zin.
  9491 | D:8      | Reached skill level 5 in Conjurations
  9576 | D:8      | Found an iron altar of Okawaru.
  9644 | D:8      | Found a staircase to the Lair.
  9700 | D:8      | Reached * piety under Vehumet
  9700 | D:8      | Offered knowledge of Kiss of Death by Vehumet.
  9776 | D:8      | Reached skill level 5 in Evocations
 10570 | D:9      | Reached skill level 5 in Fighting
 10580 | D:8      | Reached skill level 10 in Air Magic
 10580 | D:8      | Reached XP level 10. HP: 35/59 MP: 2/18
 10803 | D:9      | Noticed a deep elf pyromancer
 10810 | D:9      | Killed a deep elf pyromancer
 11054 | D:9      | Found a runed translucent gate.
 11054 | D:9      | Found a runed translucent gate.
 11055 | D:9      | Found a runed translucent gate.
 11056 | D:9      | Noticed Jeffwins's ghost (novice DrSh)
 11173 | D:9      | Found Guobeok Vazi's General Store.
 11174 | D:9      | Noticed Amaemon
 11178 | D:9      | Noticed an orange demon
 11217 | D:9      | Reached skill level 11 in Air Magic
 11564 | D:9      | Noticed Joseph
 11647 | D:9      | Killed Joseph
 11647 | D:9      | Offered knowledge of Searing Ray by Vehumet.
 11862 | D:9      | Killed Amaemon
 12064 | D:9      | Killed an orange demon
 12064 | D:9      | Reached ** piety under Vehumet
 12255 | D:9      | Reached XP level 11. HP: 30/64 MP: 13/22
 12441 | D:10     | Entered Level 10 of the Dungeon
 12447 | D:10     | Reached skill level 12 in Air Magic
 12488 | D:9      | Bought a scroll of teleportation for 42 gold pieces
 12589 | D:10     | Found a staircase to the Orcish Mines.
 13758 | D:11     | Noticed a soul eater
 13886 | D:11     | Noticed an occultist
 13895 | D:11     | Killed an occultist
 14214 | D:11     | Offered knowledge of Inner Flame by Vehumet.
 14426 | D:11     | Noticed a cyclops
 14428 | D:11     | Killed a cyclops
 14429 | D:11     | Reached skill level 13 in Air Magic
 14635 | D:12     | Noticed a green ugly thing
 14645 | D:12     | Killed a green ugly thing
 14768 | D:12     | Noticed a boulder beetle
 14785 | D:12     | Killed a boulder beetle
 14890 | D:12     | Noticed a cyclops
 14897 | D:12     | Killed a cyclops
 14904 | D:12     | Noticed a boulder beetle
 14917 | D:12     | Killed a boulder beetle
 14918 | D:12     | Reached XP level 12. HP: 52/72 MP: 10/25
 15172 | D:12     | You are sucked into a shaft and drop 1 floor!
 15188 | D:13     | Learned a level 3 spell: Inner Flame
 15250 | D:13     | Reached skill level 1 in Fire Magic
 15259 | D:13     | HP: 3/72 [ice devil (8)]
 15388 | D:13     | Found a frozen archway.
 15476 | IceCv    | Entered an ice cave
 15500 | IceCv    | Reached *** piety under Vehumet
 15914 | IceCv    | Offered knowledge of Mephitic Cloud by Vehumet.
 15915 | IceCv    | Reached skill level 14 in Air Magic
 16546 | IceCv    | Reached **** piety under Vehumet
 16724 | IceCv    | Offered knowledge of Ignite Poison by Vehumet.
 17110 | D:13     | Learned a level 3 spell: Ignite Poison
 17473 | D:13     | Found a transporter.
 17493 | D:13     | Noticed a centaur warrior
 17507 | D:13     | Killed a centaur warrior
 17664 | D:13     | Noticed a two-headed ogre
 17670 | D:13     | Noticed a two-headed ogre
 17679 | D:13     | Killed a two-headed ogre
 17680 | D:13     | Reached skill level 15 in Air Magic
 17681 | D:13     | Killed a two-headed ogre
 17681 | D:13     | Killed from afar by a deep elf pyromancer

Illustrated notes

Levels and vault maps discovered:
D:1:      saegor_arrival_simple_b, layout_rooms, serial_forest,
          infiniplex_forest_lined_2, infiniplex_forest_lined_room_2,
          infiniplex_forest_end_double, infiniplex_forest_clump_curved,
          infiniplex_forest_clump_small, infiniplex_forest_fountain,
          infiniplex_forest_lined_room_2, infiniplex_forest_clump_small,
          infiniplex_forest_end_1, infiniplex_forest_end_2
D:2:      layout_loops_ring, basic_altar, minmay_misc_feat_enclosed
D:3:      layout_loops_ring, serial_shops, nicolae_shop_just_a_little_nook,
          hangedman_decor_riveting, uniq_sigmund, uniq_natasha
D:4:      minmay_thinvault, layout_gridville, grunt_qazlal_clouds,
          nicolae_uskayaw_dance_hall, kennysheep_little_box,
          eino_small_chamber_without_monster, serial_park_tiny_2,
          serial_bayou_lake_a, uniq_edmund
D:5:      layout_basic, temple_hall, uniq_prince_ribbit1
D:6:      layout_basic, vehumet_statue, led_sif_pool, bloody_makhleb,
          st_stairs_11, grunt_decor_cap
D:7:      layout_cave_pools, nicolae_dithmenos_through_a_glass_darkly,
          nicolae_shop_self_help
D:8:      layout_gridville, kennysheep_okawaru_gauntlet,
          mainiacjoe_overflow_cross_hatched, dpeg_oklobed_lair
D:9:      layout_basic, ebering_ghost_rock_garden, serial_shops,
          nicolae_take_the_stairs, minivault_23, corexii_checkpoint,
          uniq_joseph, uniq_amaemon
D:10:     layout_long_grid, erik_orc_4, the_hattery
D:11:     layout_long_grid, serial_park_tiny_pond, hangedman_decor_lopped
D:12:     minmay_ornate_pinched, layout_stronghold,
          nicolae_trove_entry_crossroad
D:13:     layout_irregular_city, david_vaults_1, portal_ice_cave_demonic_guard,
          nicolae_diode_stairs
Temple:   nicolae_temple_god_jail

Skill      XL: |  1  2  3  4  5  6  7  8  9 10 11 12 |
---------------+-------------------------------------+-----
Fighting       | 1 2 3 4 5 6 7 |  7.7
Evocations     | 1 2 4 5 6 7 |  7.2
Dodging        | 3 4 5 6 7 8 |  8.5
Air Magic      | 5 6 8 10 11 13 15 | 15.0
Spellcasting   | 3 4 5 6 8 |  8.8
Conjurations   | 2 3 4 5 6 |  6.5
Short Blades   | 1 2 |  2.5
Stealth        | 3 4 |  4.2
Fire Magic     | 3 |  3.4

Action                     |  1- 3 |  4- 6 |  7- 9 | 10-12 || total
---------------------------+-------+-------+-------+-------++-------
  Melee: Unarmed           |     5 |     1 |       |       ||     6
         Kick              |     2 |     3 |    26 |    37 ||    68
         Peck              |       |     3 |    14 |    27 ||    44
         Dagger            |       |    12 |    51 |       ||    63
         Short sword       |       |       |     4 |    73 ||    77
         Punch             |       |       |       |     2 ||     2
   Cast: Shock             |    82 |    75 |   243 |   176 ||   576
         Static Discharge  |       |    15 |    29 |    71 ||   115
         Airstrike         |       |       |    22 |   108 ||   130
  Evoke: Wand              |       |       |       |     1 ||     1
    Use: Scroll            |       |       |       |    15 ||    15
   Stab: Sleeping          |       |       |    10 |     4 ||    14
         Distracted        |       |       |     1 |     1 ||     2
 Armour: Robe              |     8 |    30 |    80 |   202 ||   320
  Dodge: Dodged            |    17 |    27 |   116 |   203 ||   363

Table legend: (Time is in decaauts)
 A = Elapsed time spent in this place.
 B = Non-inter-level travel time spent in this place.
 C = Inter-level travel time spent in this place.
 D = Time resting spent in this place.
 E = Time spent auto-exploring this place.
 F = Levels seen in this place.
 G = Mean time per level.
                   A        B        C        D        E       F      G
               +--------+--------+--------+--------+--------+-----+--------+
         Total |  17662 |  16836 |    826 |   2295 |  11861 |  15 | 1177.5 |
       Dungeon |  16053 |  15230 |    823 |   1406 |  11432 |  13 | 1234.8 |
        Temple |      7 |      4 |      3 |      0 |      0 |   1 |    7.0 |
      Ice Cave |   1600 |   1600 |      0 |    889 |    429 |   1 | 1600.0 |
               +--------+--------+--------+--------+--------+-----+--------+

Top non-repeatable levels by time:
     D:9: 2006 daAuts
     D:3: 1917 daAuts
     D:4: 1750 daAuts
   IceCv: 1600 daAuts
     D:5: 1455 daAuts
     D:6: 1267 daAuts
     D:8: 1218 daAuts
    D:10: 1112 daAuts
     D:1: 1059 daAuts
    D:11: 1031 daAuts
     D:2: 953 daAuts
    D:13: 904 daAuts
     D:7: 805 daAuts
    D:12: 571 daAuts
  Temple: 7 daAuts
